 Dungeon Crawl Stone Soup version 0.29.1-1-gd02db6906a (webtiles) character file.

Game seed: 14302452890775003806

81 Tiocfaidh the Covered (level 4, -2/29 HPs)
             Began as a Gargoyle Fighter on Sept 22, 2022.
             Slain by Sigmund
             ... wielding a +0 scythe
              (4 damage)
             ... on level 3 of the Dungeon.
             The game lasted 00:09:59 (1770 turns).

Tiocfaidh the Covered (Gargoyle Fighter)            Turns: 1770, Time: 00:09:59

Health: -2/29      AC: 31    Str: 22    XL:     4   Next: 40%
Magic:  4/4        EV:  6    Int:  8    God:
Gold:   117        SH:  4    Dex:  9    Spells: 3/3 levels left

rFire   . . .      SeeInvis .   a - +0 flail
rCold   x . .      Faith    .   c - +0 buckler
rNeg    + + .      Spirit   .   i - +15 plate armour of Atech {rElec rC- rN+}
rPois   ∞          Reflect  .   h - +0 hat
rElec   +          Harm     .   (no cloak)
rCorr   .          Rampage  .   n - +0 pair of gloves
Will    .....                   (no boots)
Stlth   ..........              (no amulet)
HPRegen 0.09/turn               l - ring of poison resistance
MPRegen 0.09/turn               (no ring)

@: weak-willed, on berserk cooldown, slowed, very slow
A: sickness immunity, AC +3, negative energy resistance 1, electricity
resistance, torment resistance 1, petrification resistance
a: no special abilities


You were on level 3 of the Dungeon.
You visited 1 branch of the dungeon, and saw 3 of its levels.

You collected 117 gold pieces.

Inventory:

Hand Weapons
 a - a +0 flail (weapon)
Armour
 b - a +0 scale mail
 c - a +0 buckler (worn)
 h - a +0 hat (worn)
 i - the +15 plate armour of Atech (worn) {rElec rC- rN+}
   (You acquired it on level 3 of the Dungeon)

   rC:        It makes you vulnerable to cold.
   rElec:     It insulates you from electricity.
   rN:        It protects you from negative energy.
 n - a +0 pair of gloves (worn)
Jewellery
 l - a ring of poison resistance (left hand)
Scrolls
 f - 5 scrolls of identify {unknown}
 g - a scroll of amnesia
 j - 2 scrolls of magic mapping
Potions
 d - a potion of might
 m - a potion of cancellation {unknown}
 q - a potion of curing {unknown}
 r - 2 potions of mutation {unknown}


   Skills:
 + Level 3.7 Fighting
 + Level 3.4 Maces & Flails
 + Level 3.8 Armour
 + Level 0.1 Stealth
 + Level 3.6 Shields


You had 3 spell levels left.
You didn't know any spells.
Your spell library was empty.

Dungeon Overview and Level Annotations

Branches:
Dungeon (3/15)

Altars:

Shops:
D:2 (

Annotations:
D:3 Sigmund


Innate Abilities, Weirdness & Mutations

You are immune to sickness and miasma.
Your stone body is resilient. (AC +3)
You are immune to poison.
You resist negative energy. (rN+)
You are resistant to electric shocks. (rElec)
You are resistant to unholy torment.
You are immune to petrification.


Message History

Keep equipping yourself?
You continue putting on the +15 plate armour of Atech {rElec rC- rN+}.
Sigmund gestures wildly while chanting.
Sigmund flickers and vanishes!
Deactivating autopickup; reactivate with Ctrl-A.
You continue putting on the +15 plate armour of Atech {rElec rC- rN+}.
Something hits you!
You continue putting on the +15 plate armour of Atech {rElec rC- rN+}.
You finish putting on the +15 plate armour of Atech {rElec rC- rN+}.
As you read the scroll labelled IVYG HIXZU, it crumbles to dust.
The creatures around you are filled with an inner flame!
It was a scroll of immolation.
Something hits you but does no damage.
It was a potion of berserk rage.
A red film seems to cover your vision as you go berserk!
You feel yourself moving faster!
You feel mighty!
A magic dart appears from out of thin air!
The magic dart hits you.
* * * LOW HITPOINT WARNING * * *
Unknown command.
You are too berserk!
Unknown command.
You feel a strong urge to attack something.
You miss something. Something hits you but does no damage.
You miss something. You barely miss something. Something hits you!
* * * LOW HITPOINT WARNING * * *
You are too berserk!
Unknown command.
You closely miss something. Something hits you but does no damage.
You miss something. You closely miss something.
Something hits you but does no damage.
You closely miss something. You miss something.
Something hits you but does no damage.
You hit something.
Flame seeps out of something.
Really walk into that cloud of flame?
Okay, then.
You are no longer berserk.
You are exhausted.
You feel yourself slow down.
Flame seeps out of something.
Something hits you.
You die...

...#..........#.....*,,,,,,,,,,,,
.'..................,,,,,,,,,,,,*
.#.......#.........,*************
.###....###......#***
)#...†....#......#
.#........#......#
.#........#...{..#
.#...............# ******
.#........#.....@# *,,,,,
.#........######## *****,
.########## *>,** .### *,,,* ...#
****** ***,'* ...#
*,,,,*****,***, ...#
*,**,*,,,,,,,,, ...#
*,**,*,,,,,,,,, ...#
*,**,,,,,,,,,,,


There were no monsters in sight!

Vanquished Creatures
  Natasha (D:3)
  2 adders
  A dart slug (D:2)
  2 bats
  2 endoplasms (D:2)
  2 giant cockroaches (D:1)
  A goblin (D:3)
  6 hobgoblins
  2 jackals (D:1)
  4 ball pythons
  3 frilled lizards
  6 kobolds
  2 rats (D:2)
34 creatures vanquished.

Notes
Turn   | Place    | Note
-------+----------+-------------------------------------------
     0 | D:1      | Tiocfaidh the Gargoyle Fighter began the quest for the Orb.
     0 | D:1      | Reached XP level 1. HP: 14/14 MP: 1/1
   183 | D:1      | Found a faded altar of an unknown god.
   276 | D:1      | Reached XP level 2. HP: 18/19 MP: 2/2
  1168 | D:2      | Found Ehosog's Antique Weapon Shoppe.
  1257 | D:2      | Reached XP level 3. HP: 21/23 MP: 3/3
  1568 | D:3      | Noticed Natasha
  1589 | D:3      | Killed Natasha
  1590 | D:3      | Reached XP level 4. HP: 19/29 MP: 4/4
  1736 | D:3      | Noticed Sigmund
  1746 | D:3      | Identified a scroll of acquirement
  1746 | D:3      | Acquired the +15 plate armour of Atech {rElec rC- rN+}
  1763 | D:3      | HP: 2/43 [something (7)]
  1770 | D:3      | Slain by Sigmund

Illustrated notes

Levels and vault maps discovered:
D:1:      dpeg_arrival_rooms_b, layout_loops_corners,
          shapermc_ecumenical_altar_mp_ritualfount
D:2:      layout_basic, serial_shops, shop
D:3:      layout_basic, nicolae_overflow_ecumenical_swirl,
          kennysheep_decorative_pillar, grunt_ministairs_6, uniq_natasha,
          uniq_robin, uniq_sigmund

Skill      XL: |  1  2  3 |
---------------+----------+-----
Maces & Flails | 3 |  3.4
Fighting       | |  3.7
Armour         | |  3.8
Stealth        | |  0.1
Shields        | |  3.6

Action                   |  1- 3 |  4- 6 || total
-------------------------+-------+-------++-------
Melee: Flail             |   104 |    21 ||   125
  Use: Scroll            |       |     6 ||     6
       Potion            |       |     1 ||     1
Armor: Scale mail        |    57 |     8 ||    65
       Plate armour      |       |     5 ||     5
Dodge: Dodged            |    51 |     9 ||    60
Block: Buckler           |    17 |     4 ||    21
